 Dungeon Crawl Stone Soup version 0.31-a0-202-g547052bce9 (webtiles) character file.

Game seed: 7062479729127955818

30 qw the Shooter (level 3, -6/20 HPs)
             Began as a Deep Elf Hunter on June 25, 2023.
             Mangled by a worm (10 damage)
             ... on level 2 of the Dungeon.
             The game lasted 00:00:18 (1002 turns).

qw the Shooter (Deep Elf Hunter)                    Turns: 1002, Time: 00:00:18

Health: -6/20      AC:  5    Str: 10    XL:     3   Next: 5%
Magic:  5/5        EV: 11    Int: 13    God:
Gold:   0          SH:  0    Dex: 18    Spells: 2/2 levels left

rFire   . . .        Y - +0 shortbow
rCold   . . .        (shield currently unavailable)
rNeg    . . .        j - +0 ring mail
rPois   .            (no helmet)
rElec   .            (no cloak)
rCorr   .            (no gloves)
SInv    .            (no boots)
Will    .....        (no amulet)
Stlth   +            (no ring)
HPRegen 0.23/turn    (no ring)
MPRegen 0.09/turn

%: no passive effects
@: no status effects
A: no striking features
a: no special abilities


You were on level 2 of the Dungeon.
You visited 1 branch of the dungeon, and saw 2 of its levels.


   Skills:
 - Level 1.5 Fighting
 + Level 6.6 Ranged Weapons
 - Level 2.4 Dodging
 - Level 1.2 Stealth


You had 2 spell levels left.
You didn't know any spells.
Your spell library was empty.

Inventory:

Hand Weapons
 Y - a +0 shortbow (weapon)
Armour
 j - a +0 ring mail (worn)
Scrolls
 h - a scroll of identify
Potions
 i - a potion of mutation {unknown}

Dungeon Overview and Level Annotations

Branches:
Dungeon (2/15)

Altars:


Message History

You shoot an arrow.
The arrow hits the quokka but does no damage.
The quokka is moderately wounded.
The quokka bites you but does no damage.
You shoot an arrow.
The arrow hits the quokka but does no damage.
The quokka is moderately wounded.
The quokka closely misses you.
You shoot an arrow. The arrow barely misses the quokka.
The arrow closely misses the hobgoblin.
The quokka closely misses you.
The quokka bites you but does no damage.
You shoot an arrow. The arrow hits the quokka.
You kill the quokka!
You have reached level 3!
Your experience leads to an increase in your attributes!
Increase (S)trength, (I)ntelligence, or (D)exterity?
You feel stronger. x2
You shoot an arrow. The arrow hits the hobgoblin.
The hobgoblin is heavily wounded.
The hobgoblin barely misses you.
You shoot an arrow. The arrow hits the hobgoblin!
You kill the hobgoblin!
You shoot an arrow. The arrow hits the worm.
The worm is lightly wounded.
You shoot an arrow. The arrow hits the worm.
The worm is moderately wounded.
The worm bites you.
You shoot an arrow. The arrow barely misses the worm.
The worm bites you.
You shoot an arrow.
The arrow hits the worm but does no damage.
The worm is moderately wounded.
You shoot an arrow. The arrow barely misses the worm.
The worm bites you.
You shoot an arrow. The arrow hits the worm!
The worm is heavily wounded.
The worm bites you!
Ouch! That really hurt!
You die...

### ..# #.#
. #.# ...
#.####
.#.#.##....#
.....%w@.#
#...).##.#
........<#
########.#
#.# ... .?.
#.... #....


You could see a worm.

Vanquished Creatures
  A worm (D:2)
  2 ball pythons (D:1)
  3 bats
  An endoplasm (D:1)
  3 goblins
  7 hobgoblins
  3 kobolds (D:1)
  2 quokkas
22 creatures vanquished.

Notes
Turn   | Place    | Note
-------+----------+-------------------------------------------
     0 | D:1      | qw the Deep Elf Hunter began the quest for the Orb.
     0 | D:1      | Reached XP level 1. HP: 12/12 MP: 3/3
     0 | D:1      | 0 ||| qw: Version: 0.3-a-22-g0ed2b0b
     0 | D:1      | 0 ||| qw: Game counter: 5706
     0 | D:1      | 0 ||| qw: Melee chars always use a shield: true
     0 | D:1      | 0 ||| qw: God list: Okawaru
     0 | D:1      | 0 ||| qw: Allow faded altars: false
     0 | D:1      | 0 ||| qw: Do Orc after clearing Dungeon:15 true
     0 | D:1      | 0 ||| qw: Do second Lair branch before Depths: true
     0 | D:1      | 0 ||| qw: Lair rune preference: random
     0 | D:1      | 0 ||| qw: Goals: Normal
     0 | D:1      | 0 ||| PLANNING D:1-11
   116 | D:1      | Reached XP level 2. HP: 16/16 MP: 4/4
   146 | D:1      | Reached skill level 6 in Ranged Weapons
   906 | D:1      | 906 ||| UPGRADING to +0 robe of cold resistance.
   916 | D:1      | 916 ||| DROPPING +0 leather armour.
   917 | D:1      | 917 ||| UPGRADING to +0 ring mail.
   927 | D:1      | 927 ||| DROPPING +0 robe of cold resistance.
   928 | D:1      | 928 ||| READING 2 scrolls labelled OSIBYRGH QAPAGH.
   929 | D:1      | 929 ||| READING 2 scrolls labelled ALEACAI OVETHRE.
   930 | D:1      | 930 ||| READING scroll labelled HUNASCH IDYN.
   931 | D:1      | 931 ||| READING 2 scrolls labelled NAITOCREN ESEA.
   932 | D:1      | 932 ||| READING 3 scrolls labelled PUTAMEXZAC.
   933 | D:1      | 933 ||| DROPPING scroll of immolation.
   934 | D:1      | 934 ||| DROPPING scroll of butterflies.
   935 | D:1      | 935 ||| DROPPING scroll of fear.
   936 | D:1      | 936 ||| DROPPING 2 scrolls of amnesia.
   995 | D:2      | Reached XP level 3. HP: 20/20 MP: 5/5
  1001 | D:2      | HP: 4/20 [worm (6)]
  1002 | D:2      | Mangled by a worm

Levels and vault maps discovered:
D:1:      nzn_arrival_crosshair, layout_basic
D:2:      wander_river, layout_basic, serial_co_window_serial,
          co_window_corner_a, co_window_corner_a, co_window_of_opportunity_a,
          co_window_paths_a, co_window_of_opportunity_a, co_window_corner_a,
          co_window_paths_b, co_window_broadway_b, co_window_of_opportunity_b,
          co_window_paths_c, co_window_paths_e, glass_columns_c,
          glass_columns_a, glass_columns_a, glass_columns_a,
          ebering_ecumenical_altar_abandoned

Skill      XL: |  1  2 |
---------------+-------+-----
Ranged Weapons | 6 |  6.6
Fighting       | |  1.5
Dodging        | |  2.4
Stealth        | |  1.2

Action                     || total
---------------------------++-------
   Fire: Shortbow          ||    71
    Use: Scroll            ||     5
 Armour: Ring mail         ||     4
  Dodge: Dodged            ||    10

Table legend:
 A = Non-vault XP
 B = Vault XP
 C = Vault XP percentage of total XP
 D = Non-vault monster count
 E = Vault monster count
 F = Vault count percentage of total count
                 A         B        C        D         E       F
            +---------+---------+-------+---------+---------+-------
      Total |      44 |       0 |   0.0 |      22 |       0 |   0.0
            +---------+---------+-------+---------+---------+-------
        D:1 |      30 |       0 |   0.0 |      16 |       0 |   0.0
        D:2 |      14 |       0 |   0.0 |       6 |       0 |   0.0
            +---------+---------+-------+---------+---------+-------
